 Dungeon Crawl Stone Soup version 0.31-a0-430-gf8416d752b (webtiles) character file.

Game seed: 1547249854152744775

25 Ethylacetat the Ruffian (level 2, 0/23 HPs)
             Began as a Demigod Shapeshifter on July 31, 2023.
             Slain by an iguana (2 damage)
             ... on level 4 of the Dungeon.
             The game lasted 00:01:58 (920 turns).

Ethylacetat the Ruffian (Demigod Shapeshifter)       Turns: 920, Time: 00:01:59

Health: 0/23       AC:  0    Str: 16    XL:     2   Next: 63%
Magic:  4/4        EV: 12    Int: 10    God:
Gold:   46         SH:  0    Dex: 14    Spells: 1/1 levels left

rFire   . .          .
                       - Unarmed
rCold   . . .        (no shield)
rNeg    . . .        (no body armour)
rPois   .            (helmet currently unavailable)
rElec   .            (cloak currently unavailable)
rCorr   .            (gloves currently unavailable)
SInv    .            (boots currently unavailable)
Will    .....        (no amulet)
Stlth   +            (no ring)
HPRegen 0.23/turn    (no ring)
MPRegen 0.09/turn

%: no passive effects
@: mighty, beast-form
A: beast (slay +2), high MP 1, forlorn, divine attributes
a: Begin Untransformation


You were on level 4 of the Dungeon.
You were a hulking beast.
You visited 1 branch of the dungeon, and saw 3 of its levels.

You collected 46 gold pieces.

Inventory:

Armour
 a - a +0 animal skin
 m - a +0 troll leather armour
Talismans
 c - a beast talisman (active)
Wands
 k - a wand of charming (12)
Scrolls
 e - a scroll of identify {unknown}
 f - a scroll of revelation {unknown}
 g - a scroll of torment {unknown}
 i - a scroll of fog {unknown}
 j - a scroll of enchant weapon {unknown}
 l - a scroll of poison {unknown}
Potions
 b - a potion of lignification
 h - a potion of haste {unknown}


   Skills:
 + Level 1.4 Fighting
 + Level 2.1 Dodging
 + Level 3.0 Unarmed Combat
 + Level 2.9 Shapeshifting


You had one spell level left.
You didn't know any spells.
Your spell library was empty.

Dungeon Overview and Level Annotations

Branches:
Dungeon (2/15)


Innate Abilities, Weirdness & Mutations

You are a hulking beast.
Your limbs bulge with bestial killing power. (Slay +2)
You have an increased reservoir of magic. (+10% MP)
You shall have no god before yourself.
Your divine heritage dramatically boosts your attributes as you level up.


Message History

You closely miss the goblin.
The goblin is severely wounded.
The goblin hits you with a +0 club.
You hit the goblin.
You kill the goblin!
Found a scroll labelled RIXZUZ CYODU.
You now have 46 gold pieces (gained 11).
Found a mace.
l - a scroll labelled RIXZUZ CYODU An endoplasm comes into view.
Found a stone staircase leading down.
The endoplasm quivers.
An iguana comes into view.
The iguana hisses angrily.
The endoplasm freezes you.
You are frozen.
You punch the endoplasm!
You kill the endoplasm!
You hear the slow rusting of a drain nearby.
Found a glowing silver wand.
Found 3 gold pieces.
Found a troll leather armour.
You see here a +0 troll leather armour.
m - a +0 troll leather armour You start removing your armour.
You continue taking off your +0 animal skin. x2
The iguana closely misses you.
You continue taking off your +0 animal skin.
The iguana bites you!
You continue taking off your +0 animal skin.
The iguana bites you.
You finish taking off your +0 animal skin.
You punch the iguana!
The iguana is heavily wounded.
The iguana bites you!
* * * LOW HITPOINT WARNING * * *
It was a potion of might.
You feel very mighty all of a sudden. The iguana bites you.
You die...

#..##..>.......
#..##.......##.
##.l##......#
###....###....#
##.###........##
#..##....##/..#
##........# ..
#...l#.....#
###.h#..#.$#
#....###....
#...## .....
#...# ....#
#...# ..# #####


You could see an iguana.

Vanquished Creatures
  An adder (D:2)
  2 endoplasms
  A giant cockroach (D:2)
  2 goblins
  A hobgoblin (D:1)
  A quokka (D:1)
  2 ball pythons
  A kobold (D:2)
  6 rats
17 creatures vanquished.

Notes
Turn   | Place    | Note
-------+----------+-------------------------------------------
     0 | D:1      | Ethylacetat the Demigod Shapeshifter began the quest for
                  | the Orb.
     0 | D:1      | Reached XP level 1. HP: 15/15 MP: 3/3
   162 | D:1      | Reached skill level 1 in Fighting
   703 | D:2      | Reached XP level 2. HP: 23/23 MP: 4/4
   726 | D:2      | Reached skill level 3 in Unarmed Combat
   850 | D:2      | You fall into a shaft and drop 2 floors!
   919 | D:4      | HP: 1/23 [iguana (8)]
   920 | D:4      | Slain by an iguana

Illustrated notes

Levels and vault maps discovered:
D:1:      nicolae_arrival_somewhat_less_tricky_arrival, layout_loops_cross
D:2:      layout_basic, hellmonk_ecumenical_altar_heavens_door, corner_web_ring,
          minmay_strange_pillars, feat_on_display, uniq_robin
D:4:      layout_cave_pools, lightli_sewer_entry_pipes

Skill      XL: |  1  2 |
---------------+-------+-----
Fighting       | 1 |  1.4
Dodging        | 2 |  2.1
Unarmed Combat | 3 |  3.0
Shapeshifting  | |  2.9

Action                     || total
---------------------------++-------
  Melee: Unarmed           ||    47
         Punch             ||     2
    Use: Potion            ||     1
   Stab: Sleeping          ||     2
 Armour: Animal skin       ||     5
  Dodge: Dodged            ||    22

Table legend: (Time is in decaauts)
 A = Elapsed time spent in this place.
 B = Non-inter-level travel time spent in this place.
 C = Inter-level travel time spent in this place.
 D = Time resting spent in this place.
 E = Time spent auto-exploring this place.
 F = Levels seen in this place.
 G = Mean time per level.
                   A        B        C        D        E       F      G
               +--------+--------+--------+--------+--------+-----+--------+
         Total |    917 |    914 |      3 |     81 |    645 |   3 |  305.7 |
       Dungeon |    917 |    914 |      3 |     81 |    645 |   3 |  305.7 |
               +--------+--------+--------+--------+--------+-----+--------+

Top non-repeatable levels by time:
     D:1: 683 daAuts
     D:2: 164 daAuts
     D:4: 69 daAuts
